 Dungeon Crawl Stone Soup version 0.13-a0-2531-g2ad9301 (webtiles) character file.

225 M4edhros the Sneak (level 4, -8/29 HPs)
             Began as an Octopode Artificer on July 26, 2013.
             Mangled by an orc warrior
             ... wielding a -1,+1 orcish trident
              (15 damage)
             ... on Level 4 of the Dungeon.
             The game lasted 00:01:39 (1674 turns).

M4edhros the Sneak (Octopode Artificer)             Turns: 1674, Time: 00:01:39

HP  -8/29        AC  1     Str 10      XL: 4   Next: 53%
MP   6/6         EV 12     Int 15      God:
Gold 137         SH  0     Dex 12      Spells:  0 memorised,  3 levels left

Res.Fire  : . . .   See Invis. : .   q - +2,+0 elf dagger (drain)
Res.Cold  : . . .   Warding    : .   (no shield)
Life Prot.: . . .   Conserve   : .   (helmet restricted)
Res.Poison: .       Res.Corr.  : .   (no amulet)
Res.Elec. : .       Clarity    : .   (no ring)
Sust.Abil.: . .     Spirit.Shd : .   (no ring)
Res.Mut.  : .       Stasis     : .   (no ring)
Res.Rott. : .       Flight     : .   (no ring)
Saprovore : . . .                    (no ring)
                                     (no ring)
                                     (no ring)
                                     (no ring)

@: slightly resistant to hostile enchantments, very stealthy
A: almost no armour, amphibious, 8 rings, constrict 8, camouflage 1, AC +1
a: no special abilities


You were on level 4 of the Dungeon.
You were not hungry.

You visited 1 branch of the dungeon, and saw 4 of its levels.

You collected 117 gold pieces.

Inventory:

Hand weapons
 q - a +2,+0 elven dagger of draining (weapon)
 s - a +2,+3 dwarven dagger of holy wrath (quivered)
Magical devices
 b - a wand of flame (15)
 c - a wand of enslavement (14)
 d - a wand of random effects (15)
Comestibles
 f - 4 bread rations
 i - 15 strawberries
Scrolls
 e - 5 scrolls of remove curse
 g - 4 scrolls of identify {unknown}
 k - a scroll of enchant weapon I {unknown}
 l - a scroll of magic mapping {unknown}
 m - a scroll of enchant weapon II {unknown}
 o - a scroll of noise {unknown}
 t - a scroll of recharging
 u - a scroll of enchant armour {unknown}
 v - a scroll of curse weapon {unknown}
 w - a scroll of amnesia {unknown}
Potions
 a - a potion of flight {unknown}
 h - 2 potions of curing
 j - a potion of brilliance {unknown}
 n - a potion of restore abilities {unknown}
 p - a potion of confusion {unknown}
 r - 2 potions of heal wounds {unknown}


   Skills:
 - Level 1.0 Fighting
 + Level 2.6 Short Blades
 - Level 2.0 Dodging
 * Level 4.8 Stealth
 - Level 3.2 Evocations


You had 3 spell levels left.
You didn't know any spells.

Dungeon Overview and Level Annotations

Branches:
Dungeon (4/27)
 Temple: D:4-7

Altars:


Innate Abilities, Weirdness & Mutations

You cannot wear most types of armour.
You are amphibious.
You can wear up to eight rings at the same time.
You can use your tentacles to constrict many enemies at once.
Your skin changes colour to match your surroundings (Stlth).
Your rubbery body absorbs attacks (AC +1).


Message History

Pain shoots through your body!
You hit the orc priest but do no damage.
You drain the orc priest! You grab the orc priest.
You constrict the orc priest. The orc priest barely misses you.
Evoke which item? (* to show all) (? for menu, Esc to quit)
Zapping:
c - a wand of enslavement (15)
Press: ? - help, Shift-Dir - straight line, f - orc priest
Aim: an orc priest, wielding an orcish club and wearing an orcish ring mail (lightly wounded, constricted by you)
The orc priest is charmed.
You release your grip on your orc priest.
This wand has 14 charges left.
The orc warrior hits you from afar with an orcish trident!
Ouch! That really hurt!
* * * LOW HITPOINT WARNING * * *
The hound barely misses you.
Drink which item? (? for menu, Esc to quit)
You feel better.
It was a potion of curing.
The hound misses you.
The orc warrior hits you from afar with an orcish trident!
Ouch! That really hurt!
You die...

#.#.<#####
#........#
#######..###.#
.........#
########.# #.#
#.#
####o#####%#
....SMoo@..#
.###.####h.#
#..# #..# #..#
.... #..##
#..# ...#


You could see an orc warrior, a mummy, a hound, an orc wizard, an adder and a
friendly orc priest.

Vanquished Creatures
  5 adders
  A giant mite (D:2)
  A giant gecko (D:1)
  3 giant cockroaches
  6 goblins
  6 hobgoblins
  3 kobolds
  A quokka (D:4)
  3 bats
  2 giant newts (D:2)
  8 rats
39 creatures vanquished.

Notes
Turn   | Place    | Note
--------------------------------------------------------------
     0 | D:1      | M4edhros, the Octopode Artificer, began the quest for the Orb.
     0 | D:1      | Reached XP level 1. HP: 14/14 MP: 1/1
   120 | D:1      | Reached XP level 2. HP: 17/19 MP: 3/3
   779 | D:2      | Reached XP level 3. HP: 24/24 MP: 4/4
  1169 | D:2      | Reached skill level 4 in Stealth
  1169 | D:2      | Reached XP level 4. HP: 29/29 MP: 6/6
  1671 | D:4      | Noticed an orc warrior
  1674 | D:4      | Mangled by an orc warrior

Action                   |  1- 3 |  4- 6 || total
-------------------------+-------+-------++-------
Melee: Short sword       |    35 |       ||    35
       Dagger            |    27 |    18 ||    45
Evoke: Wand              |       |     1 ||     1
  Use: Scroll            |       |     1 ||     1
       Potion            |       |     1 ||     1
 Stab: Sleeping          |     9 |     1 ||    10
       Distracted        |     1 |       ||     1
